 Dungeon Crawl Stone Soup version 0.28-a0-1087-gf3fc490d9d (webtiles) character file.

Game seed: 1502258269688787130

91 fragbeetle the Skirmisher (level 4, -3/48 HPs)
             Began as an Ogre Warper on Dec 10, 2021.
             Killed from afar by a white imp (5 damage)
             ... with a puff of frost
             ... summoned by Natasha
             ... on level 2 of the Dungeon.
             The game lasted 00:04:35 (1861 turns).

fragbeetle the Skirmisher (Ogre Warper)             Turns: 1861, Time: 00:04:36

Health: -3/48      AC:  4    Str: 15    XL:     4   Next: 57%
Magic:  7/7        EV: 14    Int: 16    God:
Gold:   44         SH:  0    Dex:  8    Spells: 5/7 levels left

rFire   . . .      SeeInvis .   l - +0 flail
rCold   . . .      Faith    .   (no shield)
rNeg    . . .      Spirit   .   b - +0 robe
rPois   .          Reflect  .   (helmet restricted)
rElec   .          Harm     .   k - +0 cloak
rCorr   .          Rampage  .   (gloves unavailable)
Will    .....                   (boots unavailable)
Stlth   +.........              (no amulet)
HPRegen 0.16/turn               g - +4 ring of evasion
MPRegen 0.10/turn               (no ring)

@: slowed, very slow
A: large, unfitting armour, tough skin 1
a: no special abilities


You were on level 2 of the Dungeon.
You visited 1 branch of the dungeon, and saw 2 of its levels.

You collected 44 gold pieces.

Inventory:

Hand Weapons
 a - a +0 mace
 i - a +2 trident of freezing
 l - a +0 flail (weapon)
Missiles
 d - 5 boomerangs of dispersal (quivered)
Armour
 b - a +0 robe (worn)
 k - a +0 cloak (worn)
Jewellery
 g - a +4 ring of evasion (left hand)
Scrolls
 c - a scroll of blinking
 f - a scroll of teleportation {unknown}
 h - a scroll of enchant weapon {unknown}
 j - a scroll of torment {unknown}
Potions
 e - a potion of degeneration {unknown}


   Skills:
 * Level 3.8 Fighting
 + Level 2.6 Maces & Flails
 + Level 1.0 Throwing
 + Level 2.5 Dodging
 + Level 2.4 Spellcasting
 * Level 3.4 Translocations


You had 5 spell levels left.
You knew the following spells:

 Your Spells              Type           Power      Damage    Failure   Level
a - Blink                 Tloc           26%        N/A       8%          2

Your spell library contained the following spells:

 Spells                   Type           Power      Damage    Failure   Level
 Gell's Gravitas          Tloc           13%        N/A       14%         3
 Lesser Beckoning         Tloc           13%        N/A       14%         3
 Teleport Other           Tloc           13%        N/A       14%         3
 Manifold Assault         Tloc           13%        N/A       80%         5


Dungeon Overview and Level Annotations

Branches:
Dungeon (2/15)

Altars:

Shops:
D:2 :

Annotations:
D:2 Natasha


Innate Abilities, Weirdness & Mutations

You are too large for most types of armour.
You have tough skin. (AC +1)


Message History

You feel yourself slow down.
You barely miss Natasha.
Natasha is almost dead.
Natasha casts a spell at you. The magic dart hits you! Natasha claws you.
Natasha casts a spell at you.
You feel as though you will be slow longer.
You closely miss Natasha.
Natasha is almost dead.
Natasha claws you but does no damage. Natasha claws you!
* * * LOW HITPOINT WARNING * * *
Natasha extends her claws.
Natasha barely misses you.
You miss Natasha.
Natasha is almost dead.
Natasha extends her claws.
Natasha claws you.
* * * LOW HITPOINT WARNING * * *
Natasha claws you.
* * * LOW HITPOINT WARNING * * *
You hit Natasha.
You kill Natasha!
Natasha screams in pain as she dies!
You start resting.
Natasha, Servant of Life and Death comes into view.
Natasha casts a spell.
Natasha mumbles some strange words.
Natasha glows brightly for a moment.
The white imp gestures at you. The puff of frost hits you.
* * * LOW HITPOINT WARNING * * *
The white imp gestures at you. The puff of frost misses you.
The white imp gestures at you. The puff of frost hits you.
* * * LOW HITPOINT WARNING * * *
There is a stone staircase leading up here.
The white imp gestures at you. The puff of frost hits you.
You die...

.# #.# #.#.#.##.# #### #. .# #.#
#.#.####.##..... .###. .# #.#
#............... ..... .# #.#
#######..####### .# #. .# #.# ###
#..# .# #. .# #.# #.# #..# #.# #.
.# #.# #.# #..##########.###.
.### #.# #.# #....5h...........
...###.# #.# #@..######.#..##..
.......####.#####..# #.#..##..
.#.######..........# #.#..##..
.#....# #.#.######.# #.#..##..
.#.##.# #.#.# #.# #......##
.#.##.###.#.######.########..#.##
.................................
.#..#####.#.........#######..#.#.
........#.#.#.###............#.#.


You could see Natasha and a white imp (summoned).

Vanquished Creatures
  Natasha (twice) (D:2)
  An adder (D:2)
  3 dart slugs
  2 ball pythons (D:1)
  3 endoplasms (D:2)
  A giant cockroach (D:2)
  3 goblins
  2 hobgoblins (D:1)
  A quokka (D:2)
  3 bats
  2 frilled lizards (D:2)
  A kobold (D:1)
  4 rats
28 creatures vanquished.

Notes
Turn   | Place    | Note
-------+----------+-------------------------------------------
     0 | D:1      | fragbeetle the Ogre Warper began the quest for the Orb.
     0 | D:1      | Reached XP level 1. HP: 22/22 MP: 3/3
   277 | D:1      | Found a faded altar of an unknown god.
   281 | D:1      | Reached XP level 2. HP: 18/29 MP: 5/5
   284 | D:1      | Learned a level 2 spell: Blink
  1361 | D:2      | Reached XP level 3. HP: 37/37 MP: 6/6
  1407 | D:2      | Found Yschodi Joaty's Book Shoppe.
  1510 | D:2      | Noticed Natasha
  1731 | D:2      | Killed Natasha
  1732 | D:2      | Reached XP level 4. HP: 39/46 MP: 7/7
  1823 | D:2      | Noticed Natasha
  1839 | D:2      | Killed Natasha
  1850 | D:2      | Noticed Natasha
  1860 | D:2      | HP: 2/48 [white imp/puff of frost[Natasha] (4)]
  1861 | D:2      | Killed from afar by a white imp

Illustrated notes

Levels and vault maps discovered:
D:1:      minmay_arrival_hallway, layout_loops_cross,
          chequers_ecumenical_altar_island
D:2:      layout_basic, serial_shops, shop, nicolae_shop_waterfront,
          nicolae_shop_advertising_works [nicolae_subvault_shop_adworks],
          uniq_natasha

Skill      XL: |  1  2 |
---------------+-------+-----
Translocations | 3 |  3.4
Fighting       | 3 |  3.8
Maces & Flails | 2 |  2.6
Throwing       | |  1.0
Dodging        | |  2.5
Spellcasting   | |  2.4

Action                   |  1- 3 |  4- 6 || total
-------------------------+-------+-------++-------
Melee: Mace              |    83 |       ||    83
       Flail             |    20 |    11 ||    31
Armor: Robe              |    33 |     3 ||    36
Dodge: Dodged            |    58 |     6 ||    64

Table legend: (Time is in decaauts)
 A = Elapsed time spent in this place.
 B = Non-inter-level travel time spent in this place.
 C = Inter-level travel time spent in this place.
 D = Time resting spent in this place.
 E = Time spent auto-exploring this place.
 F = Levels seen in this place.
 G = Mean time per level.
                   A        B        C        D        E       F      G
               +--------+--------+--------+--------+--------+-----+--------+
         Total |   1912 |   1849 |     63 |    276 |   1141 |   2 |  956.0 |
       Dungeon |   1912 |   1849 |     63 |    276 |   1141 |   2 |  956.0 |
               +--------+--------+--------+--------+--------+-----+--------+

Top non-repeatable levels by time:
     D:1: 1209 daAuts
     D:2: 703 daAuts
